 Dungeon Crawl Stone Soup version 0.29.1-12-g30fa7ad0bf (webtiles) character file.

Game seed: 7752234904222458410

25 Nursessee the Twirler (level 2, -1/25 HPs)
             Began as a Minotaur Gladiator on Jan 17, 2023.
             Succumbed to an adder's poison
             ... on level 2 of the Dungeon.
             The game lasted 00:11:07 (969 turns).

Nursessee the Twirler (Minotaur Gladiator)           Turns: 969, Time: 00:11:08

Health: -1/25      AC:  3    Str: 18    XL:     2   Next: 82%
Magic:  1/1        EV: 12    Int:  5    God:
Gold:   85         SH:  0    Dex: 11    Spells: 1/1 levels left

rFire   . . .      SeeInvis .   a - +0 quarterstaff
rCold   . . .      Faith    .   (shield currently unavailable)
rNeg    . . .      Spirit   .   b - +0 leather armour
rPois   .          Reflect  .   c - +0 hat
rElec   .          Harm     .   (no cloak)
rCorr   .          Rampage  .   (no gloves)
Will    .....                   (no boots)
Stlth   +.........              (no amulet)
HPRegen 0.08/turn               (no ring)
MPRegen 0.07/turn               (no ring)

@: lethally poisoned (-1 -> -10)
A: horns 2, retaliatory headbutt
a: no special abilities


You were on level 2 of the Dungeon.
You visited 1 branch of the dungeon, and saw 2 of its levels.

You collected 85 gold pieces.

Inventory:

Hand Weapons
 a - a +0 quarterstaff (weapon)
 h - a +0 whip
 l - a +0 whip
Missiles
 d - a throwing net
 e - 17 stones (quivered)
 i - 5 poisoned darts
 m - a javelin
Armour
 b - a +0 leather armour (worn)
 c - a +0 hat (worn)
 f - a +0 leather armour
 k - a +0 scale mail
 o - a +0 chain mail
Jewellery
 p - a ring of positive energy
Scrolls
 g - a scroll of fog {unknown}
 j - a scroll of identify {unknown}
Potions
 n - a potion of curing {unknown}


   Skills:
 + Level 2.7 Fighting
 + Level 4.1 Staves
 + Level 2.2 Throwing
 + Level 0.4 Armour
 + Level 3.6 Dodging


You had one spell level left.
You didn't know any spells.
Your spell library was empty.

Dungeon Overview and Level Annotations

Branches:
Dungeon (2/15)

Altars:


Innate Abilities, Weirdness & Mutations

You have a pair of horns on your head.
You reflexively headbutt those who attack you in melee.


Message History

You hit the goblin.
You kill the goblin!
The adder misses you.
You closely miss the adder. You headbutt the adder.
The adder is heavily wounded.
The adder bites you.
You are poisoned.
The adder poisons you!
You hit the adder but do no damage. Your headbutt misses the adder.
The adder is heavily wounded.
You feel sick. The adder misses you. x2
You closely miss the adder.
The adder is heavily wounded.
You feel sick. The adder bites you.
You are more poisoned.
The adder poisons you! The adder attacks as you move away! The adder bites you.
You feel sick.
You hit the adder but do no damage.
The adder is heavily wounded.
You feel sick. The adder closely misses you. x2
You hit the adder.
The adder is almost dead.
You feel sick. The adder bites you.
You are lethally poisoned!
The adder poisons you!
You miss the adder. Your headbutt misses the adder.
The adder is almost dead.
* * * LOW HITPOINT WARNING * * *
You feel sick. The adder barely misses you. The adder bites you.
* * * LOW HITPOINT WARNING * * *
You closely miss the adder.
The adder is almost dead.
* * * LOW HITPOINT WARNING * * *
You feel sick. The adder bites you.
* * * LOW HITPOINT WARNING * * *
You are more poisoned.
The adder poisons you!
You closely miss the adder.
The adder is almost dead.
You die...

#........#
#........#
#........#
#........#
#........#
#........#
#).......#
########........
#...)@SgS.......
#.######........
##...#### ..#.#
.#.#.# .##.#(#
.# #).? #"


You could see an adder, a goblin and a ball python.

Vanquished Creatures
  4 ball pythons (D:1)
  4 bats
  2 endoplasms (D:1)
  A giant cockroach (D:2)
  3 goblins
  2 hobgoblins (D:1)
  4 kobolds (D:1)
  A rat (D:1)
21 creatures vanquished.

Notes
Turn   | Place    | Note
-------+----------+-------------------------------------------
     0 | D:1      | Nursessee the Minotaur Gladiator began the quest for the
                  | Orb.
     0 | D:1      | Reached XP level 1. HP: 18/18 MP: 0/0
   181 | D:1      | Reached XP level 2. HP: 25/25 MP: 1/1
   239 | D:1      | Reached skill level 4 in Staves
   415 | D:1      | Found a faded altar of an unknown god.
   968 | D:2      | HP: 1/25 [adder (1)]
   969 | D:2      | Succumbed to an adder's poison

Illustrated notes

Levels and vault maps discovered:
D:1:      scummos_arrival_gate, layout_loops_ring,
          ebering_ecumenical_altar_sacrificial, corexii_corridor_pit,
          minmay_tripent
D:2:      layout_basic, minmay_circle_x

Skill      XL: |  1  2 |
---------------+-------+-----
Staves         | 4 |  4.1
Fighting       | |  2.7
Throwing       | |  2.2
Armour         | |  0.4
Dodging        | |  3.6

Action                   || total
-------------------------++-------
Melee: Quarterstaff      ||    39
       Headbutt          ||     6
Throw: Stone             ||    15
       Throwing net      ||     2
       Javelin           ||     2
       Dart              ||     1
Armor: Leather armour    ||     7
Dodge: Dodged            ||    26
